 Dungeon Crawl Stone Soup version 0.27.1-34-g3ba077fa99 (webtiles) character file.

Game seed: 13924682957188835087

18 Delamore the Sneak (level 2, 0/11 HPs)
             Began as a Felid Air Elementalist on Jan 22, 2022.
             Was a Follower of Trog.
             Slain by a gnoll (8 damage)
             ... on level 2 of the Dungeon.
             The game lasted 00:01:32 (1283 turns).

Delamore the Sneak (Felid Air Elementalist)         Turns: 1283, Time: 00:01:33

Health: 0/11       AC:  1    Str:  4    XL:     2   Next: 48%
Magic:  6/6        EV: 18    Int: 16    God:    Trog [*.....]
Gold:   38         SH:  0    Dex: 16    Spells: 4/5 levels left
                                        Lives:  0   Deaths: 0

rFire    . . .     SeeInvis +   (weapon unavailable)
rCold    . . .     Faith    .   (shield unavailable)
rNeg     . . .     Spirit   .   (armour unavailable)
rPois    .         Reflect  .   (helmet unavailable)
rElec    .         Harm     .   (cloak unavailable)
rCorr    .         Rampage  .   (gloves unavailable)
Will     .....                  (boots unavailable)
Stlth    ++........             e - amulet of the acrobat
HPRegen  0.03/turn              (no ring)
MPRegen  0.10/turn              (no ring)

@: quick
A: very small, claws 1, fangs 3, see invisible, speed 1, shaggy fur 1, stealthy
paws, no weapons or thrown items, no armour, multi-lived
a: Renounce Religion, Berserk


You were on level 2 of the Dungeon.
You worshipped Trog.
Trog was aware of your devotion.
You visited 1 branch of the dungeon, and saw 2 of its levels.

You collected 38 gold pieces.

Inventory:

Jewellery
 e - an amulet of the acrobat (around neck)
Scrolls
 c - a scroll of summoning {unknown}
 d - a scroll of blinking {unknown}
 f - a scroll of fog {unknown}
 h - a scroll of enchant weapon {unknown}
Potions
 a - a potion of ambrosia {unknown}
 b - a potion of curing {unknown}
 g - a potion of invisibility {unknown}


   Skills:
 + Level 3.3 Dodging
 + Level 3.3 Stealth
 - Level 2.0 Spellcasting
 - Level 0.8 Conjurations
 - Level 2.9 Air Magic


You had 4 spell levels left.
You knew the following spells:

 Your Spells              Type           Power      Damage    Failure   Level
a - Shock                 Conj/Air       28%        1d4       10%         1

Your spell library contained the following spells:

 Spells                   Type           Power      Damage    Failure   Level
 Static Discharge         Conj/Air       7%         N/A       14%         2
 Swiftness                Air            11%        N/A       19%         3
 Airstrike                Air            5%         N/A       52%         4


Dungeon Overview and Level Annotations

Branches:
Dungeon (2/15)

Altars:
Trog


Innate Abilities, Weirdness & Mutations

You have sharp claws.
You have razor-sharp teeth.
You have supernaturally acute eyesight. (SInv)
You cover ground quickly. (Speed+)
You are covered in fur. (AC +1)
Your paws help you pounce on unaware monsters.
You are incapable of wielding weapons or throwing items.
You cannot wear armour.
You gain extra lives every three experience levels.


Message History

Okay, then.
Unknown command.
The gnoll shouts!
The gnoll completely misses you.
A gnoll comes into view. It is wielding a +0 spear.
The gnoll completely misses you.
You barely miss the gnoll. The gnoll closely misses you.
The gnoll shouts!
You scratch the gnoll.
The gnoll is moderately wounded.
The gnoll hits you with a +0 spear. The gnoll completely misses you.
The gnoll completely misses you.
You see here a frilled lizard corpse.
There is a shaft here.
There is a stone staircase leading up here.
An endoplasm comes into view.
The endoplasm quivers.
A rat comes into view.
You scratch the endoplasm.
The endoplasm is moderately wounded.
The endoplasm misses you.
You scratch the endoplasm but do no damage.
You bite the endoplasm.
The endoplasm is severely wounded.
The endoplasm barely misses you.
You scratch the endoplasm.
The endoplasm is almost dead.
The endoplasm jiggles.
The endoplasm freezes you.
You are frozen.
You scratch the endoplasm.
You kill the endoplasm!
Trog accepts your kill. The gnoll completely misses you.
The gnoll closely misses you.
You scratch the gnoll.
The gnoll is lightly wounded.
The gnoll hits you with a +0 spear!
Ouch! That really hurt!
You die...

.....##... .....#...
.......# ## ........
#.. . #r..# #.# .#
#...# ##>##.# #.#
#.....###.#
######.#.###.@.###
#)..#.......g#...#
#...#...#####....#
#.......#.....##...#
#..g.^..<.#####....#
#...#########....#...
#...#
####....#..##..#
#...###..g....... ...
###....g##....... ##


You could see a gnoll and a rat.

Vanquished Creatures
  2 dart slugs (D:1)
  4 endoplasms
  A giant cockroach (D:1)
  A goblin (D:1)
  A quokka (D:1)
  A ball python (D:1)
  A frilled lizard (D:2)
  2 rats (D:1)
13 creatures vanquished.

Notes
Turn   | Place    | Note
-------+----------+-------------------------------------------
     0 | D:1      | Delamore the Felid Air Elementalist began the quest for the
                  | Orb.
     0 | D:1      | Reached XP level 1. HP: 7/7 MP: 4/4
   392 | D:1      | Reached XP level 2. HP: 11/11 MP: 1/6
   764 | D:1      | Found a faded altar of an unknown god.
  1216 | D:1      | Became a worshipper of Trog the Wrathful
  1216 | D:1      | Reached * piety under Trog
  1283 | D:2      | Slain by a gnoll

Illustrated notes

Levels and vault maps discovered:
D:1:      saegor_arrival_simple_a, layout_basic, serial_glass, glass_columns_b,
          glass_columns_b, basic_ecumenical_altar
D:2:      layout_rooms, serial_shops, nicolae_square_shop, minmay_quantized,
          uniq_natasha

Skill      XL: |  1 |
---------------+----+-----
Stealth        | 3 |  3.3
Dodging        | 3 |  3.3
Spellcasting   | |  2.0
Conjurations   | |  0.8
Air Magic      | |  2.9

Action                   || total
-------------------------++-------
Melee: Unarmed           ||    21
       Bite              ||     4
 Cast: Shock             ||    19
 Stab: Sleeping          ||     1
Dodge: Dodged            ||    19
